 Dungeon Crawl Stone Soup version 0.25-a0-1104-g1bb6b8da34 (webtiles) character file.

Game seed: 13108091910993621481, levelgen mode: deterministic

6469 Konserwa the Geomancer (level 11, 0/64 HPs)
             Began as a Gargoyle Earth Elementalist on May 16, 2020.
             Was a Priest of Vehumet.
             Engulfed by a cloud of flame (5 damage)
             ... on level 9 of the Dungeon.
             The game lasted 00:16:43 (10243 turns).

Konserwa the Geomancer (GrEE)                      Turns: 10243, Time: 00:16:43

Health: 0/64       AC: 13    Str: 12    XL:     11   Next: 0%
Magic:  10/21      EV: 13    Int: 19    God:    Vehumet [***...]
Gold:   461        SH:  0    Dex: 10    Spells: 14/23 levels left

rFire    + . .     SeeInvis +   m - +4 dagger (elec)
rCold    + + .     Gourm    .   (no shield)
rNeg     + . .     Faith    .   c - +0 robe
rPois    ∞         Spirit   .   (helmet restricted)
rElec    +         Reflect  .   a - +2 cloak
rCorr    +         Harm     .   l - +0 pair of gloves
MR       .....                  (no boots)
Stlth    ++........             (no amulet)
HPRegen  0.20/turn              i - ring of protection from cold
MPRegen  0.17/turn              y - ring of see invisible

@: resistant, hasted, very quick
A: big wings, horns 1, see invisible, deformed body, deterioration 1, negative
energy resistance 1, electricity resistance, unbreathing, petrification
resistance, rot immunity, AC +8
a: Fly, Renounce Religion


You were on level 9 of the Dungeon.
You worshipped Vehumet.
Vehumet was most pleased with you.
You were very hungry.

You visited 2 branches of the dungeon, and saw 10 of its levels.
You also visited: Ossuary.

You collected 461 gold pieces.

Inventory:

Hand Weapons
 m - a +4 dagger of electrocution (weapon)
 u - a +2 flail of protection
 v - a +0 flail
Missiles
 n - 34 stones (quivered)
 A - 5 throwing nets
Armour
 a - a +2 cloak (worn)
 c - a +0 robe (worn)
 e - a +0 helmet
 l - a +0 pair of gloves (worn)
Jewellery
 i - a ring of protection from cold (left hand)
 y - a ring of see invisible (right hand)
Wands
 q - a wand of iceblast (8)
 r - a wand of flame (21)
 z - a wand of polymorph (3)
Scrolls
 g - a scroll of blinking
 o - 4 scrolls of remove curse
 w - 4 scrolls of teleportation
Potions
 f - a potion of brilliance
 h - 2 potions of might
 j - 7 potions of curing
 k - a potion of ambrosia {unknown}
 p - 2 potions of degeneration {unknown}
 s - 2 potions of haste
 t - 3 potions of resistance
 x - a potion of heal wounds
 B - 2 potions of flight {unknown}
 D - a potion of cancellation {unknown}
Comestibles
 b - 4 chunks of flesh
 d - 12 rations


   Skills:
 + Level 5.2 Fighting
 + Level 4.7 Maces & Flails
 + Level 5.1 Armour
 + Level 4.3 Dodging
 - Level 2.1 Stealth
 + Level 6.7 Spellcasting
 + Level 7.1 Conjurations
   Level 0.7 Transmutations
 + Level 9.3 Earth Magic
 + Level 4.4 Evocations


You had 14 spell levels left.
You knew the following spells:

 Your Spells              Type           Power        Failure   Level  Hunger
a - Sandblast             Erth           #####.       1%          1    None
b - Stone Arrow           Conj/Erth      #####.       1%          3    ##.....
c - Lee's Rapid Deconstr  Erth           #####.....   1%          5    #####..

Your spell library contained the following spells:

 Spells                   Type           Power        Failure   Level  Hunger
 Sticky Flame             Conj/Fire      ###.....     7%          4    ####...
 Passwall                 Tmut/Erth      ####....     1%          2    None
 Conjure Flame            Conj/Fire      ###.....     1%          3    ##.....
 Mephitic Cloud           Conj/Pois/Air  ###.....     3%          3    ##.....
 Petrify                  Tmut/Erth      ####....     13%         4    ####...
 Poisonous Vapours        Pois/Air       #.....       16%         2    None
 Freezing Cloud           Conj/Ice/Air   ###.......   80%         6    #######
 Ring of Flames           Chrm/Fire      #.........   100%        7    #######


Dungeon Overview and Level Annotations

Branches:
Dungeon (9/15)             Temple (1/1) D:7            Lair (0/6) D:9
Ossuary (visited)
    Orc: D:9-12

Altars:
Ashenzari
Cheibriados
Dithmenos
Fedhas
Gozag
Hepliaklqana
Kikubaaqudgha
Makhleb
Nemelex Xobeh
Ru
Uskayaw
Vehumet
Xom
Yredelemnul
Zin

Shops:
D:3 *


Innate Abilities, Weirdness & Mutations

You are resistant to torment.
Your stone body is resilient. (AC +8)
You are immune to poison.
You resist negative energy. (rN+)
You are resistant to electric shocks. (rElec)
You can survive without breathing.
You are immune to petrification.
You are immune to rotting.
Your large and strong wings let you fly indefinitely.
You have a pair of small horns on your head.
You have supernaturally acute eyesight. (SInv)
Armour fits poorly on your strangely shaped body.
Your body sometimes deteriorates upon taking damage.


Message History

Press: ? - help, Dir - move target cursor A crystal wall, spattered with blood.
The crystal wall shatters!
The blast of crystal shards hits the death yak!!
The death yak explodes!
The fiery explosion engulfs the death yak!!!
The death yak explodes!
The fiery explosion engulfs you! You resist.
* * * LOW HITPOINT WARNING * * *
Vehumet accepts your kill.
You feel your power returning.
Your Fighting skill increases to level 5!
Your Armour skill increases to level 5!
Your Conjurations skill increases to level 7!
Vehumet accepts your kill.
You feel your power returning.
You have reached level 11!
You are feeling very hungry.
You are engulfed in blazing flames.
You resist.
You die...

...##........ #..
#..##........ #..
#..##..##.... #..
#..#......... .####..
#..#....>.?.. ...%...
#.r..........
....%.####ocr.........
#..§§§§§§#.........
#..@§§§§§§r........
#..##§#§#§.........
#.. #.§§...........
#.. ###.#####.###..
#.. #%.# .. . #.. #..#
### #.. #..# ... ..#


You could see a centaur, a hell rat (inner flame), a river rat (inner flame), an
orc (inner flame) and a rat (inner flame).

Vanquished Creatures
  Harold (D:7)
  3 death yaks (D:9)
  A two-headed ogre (D:8)
  Prince Ribbit (D:7)
  2 hippogriffs
  A spriggan (D:7)
  A porcupine (D:9)
  Duvessa (D:7)
  2 sky beasts
  An orc warrior (D:8)
  An ice beast (D:8)
  2 phantoms
  3 necrophages
  An ogre (D:3)
  2 centaurs (D:6)
  Blork the orc (D:4)
  Dowan (D:7)
  2 scorpions
  A crimson imp (D:6)
  A jelly (D:8)
  3 bullfrog zombies
  A hound (D:4)
  A bullfrog skeleton (D:6)
  An orc priest (D:7)
  4 orc wizards
  Crazy Yiuf (D:7)
  6 worker ants
  A killer bee zombie (D:8)
  A hound zombie (D:8)
  11 mummies (Ossuary)
  A worker ant zombie (D:7)
  Robin (D:3)
  5 gnolls
  12 adders
  A river rat (D:9)
  5 shadow imps
  An ooze (D:1)
  An adder zombie (D:5)
  An adder skeleton (D:4)
  A worm (D:2)
  5 dart slugs
  9 leopard geckos
  25 orcs
  3 bats
  2 giant cockroaches
  12 goblins
  9 hobgoblins
  13 jackals
  6 quokkas
  A ball python (D:3)
  A ball python skeleton (D:4)
  4 frilled lizards
  3 gnoll skeletons (Ossuary)
  A goblin skeleton (Ossuary)
  A jackal skeleton (D:4)
  3 kobolds
  2 kobold skeletons (Ossuary)
  2 orc skeletons (Ossuary)
  A quokka skeleton (D:6)
  A quokka zombie (D:3)
  4 rats
  11 rat skeletons (Ossuary)
207 creatures vanquished.

Notes
Turn   | Place    | Note
-------+----------+-------------------------------------------
     0 | D:1      | Konserwa the Gargoyle Earth Elementalist began the quest
                  | for the Orb.
     0 | D:1      | Reached XP level 1. HP: 10/10 MP: 3/3
    37 | D:1      | Reached skill level 4 in Earth Magic
    37 | D:1      | Reached XP level 2. HP: 15/15 MP: 0/5
   292 | D:1      | Reached XP level 3. HP: 19/19 MP: 0/6
   299 | D:1      | Learned a level 3 spell: Stone Arrow
  1060 | D:2      | Reached skill level 1 in Conjurations
  1337 | D:2      | Reached XP level 4. HP: 20/24 MP: 5/8
  2083 | D:2      | Found a sparkling altar of Nemelex Xobeh.
  2202 | D:3      | Noticed an ogre
  2208 | D:3      | Killed an ogre
  2208 | D:3      | Reached skill level 5 in Earth Magic
  2208 | D:3      | Reached XP level 5. HP: 28/28 MP: 4/10
  2258 | D:3      | Gained mutation: You have supernaturally acute eyesight.
                  | (SInv) [potion of mutation]
  2258 | D:3      | Gained mutation: Your spells are a little easier to cast,
                  | but a little less powerful. [potion of mutation]
  2258 | D:3      | Gained mutation: You are clumsy. (Dex -2) [potion of
                  | mutation]
  2258 | D:3      | Gained mutation: You passively map a small area around you.
                  | [potion of mutation]
  2340 | D:3      | Noticed Robin
  2364 | D:3      | Killed Robin
  2672 | D:3      | Found a hide-covered altar of Uskayaw.
  2747 | D:3      | Found a shattered altar of Ashenzari.
  2873 | D:3      | Reached XP level 6. HP: 32/32 MP: 11/11
  2882 | D:3      | Found Zin's Purification Station.
  2884 | D:3      | Found a glowing silver altar of Zin.
  2901 | D:3      | Found a radiant altar of Vehumet.
  2926 | D:3      | Became a worshipper of Vehumet
  3231 | D:3      | Found a shadowy altar of Dithmenos.
  3233 | D:3      | Found a shattered altar of Ashenzari.
  3233 | D:3      | Found an iron altar of Okawaru.
  3235 | D:3      | Found a shimmering altar of Xom.
  3235 | D:3      | Found a shimmering altar of Xom.
  3235 | D:3      | Found an ancient bone altar of Kikubaaqudgha.
  3481 | D:4      | Learned a level 5 spell: Lee's Rapid Deconstruction
  3947 | D:4      | Reached skill level 6 in Earth Magic
  4215 | D:4      | Noticed Blork the orc
  4232 | D:4      | Killed Blork the orc
  4232 | D:4      | Reached XP level 7. HP: 24/36 MP: 13/13
  4374 | D:4      | Found an opulent altar of Gozag.
  4383 | D:4      | Lost mutation: You are clumsy. (Dex -2) [potion of
                  | mutation]
  4383 | D:4      | Lost mutation: You passively map a small area around you.
                  | [potion of mutation]
  4383 | D:4      | Lost mutation: Your spells are a little easier to cast, but
                  | a little less powerful. [potion of mutation]
  4383 | D:4      | Gained mutation: Armour fits poorly on your strangely
                  | shaped body. [potion of mutation]
  4383 | D:4      | Gained mutation: Your body sometimes deteriorates upon
                  | taking damage. [potion of mutation]
  4383 | D:4      | Gained mutation: You have sharp toenails. [potion of
                  | mutation]
  4383 | D:4      | Gained mutation: You have a pair of small horns on your
                  | head. [potion of mutation]
  4547 | D:5      | Entered Level 5 of the Dungeon
  4583 | D:5      | Found a snail-covered altar of Cheibriados.
  4598 | D:5      | Reached * piety under Vehumet
  4598 | D:5      | Offered knowledge of Freeze by Vehumet.
  5601 | D:5      | Found a blossoming altar of Fedhas.
  5912 | D:6      | Reached skill level 7 in Earth Magic
  5964 | D:6      | Found a hazy altar of Hepliaklqana.
  5980 | D:6      | Reached XP level 8. HP: 39/42 MP: 15/15
  5999 | D:6      | Found a hazy altar of Hepliaklqana.
  6141 | D:6      | Reached skill level 1 in Fighting
  6141 | D:6      | Reached skill level 1 in Maces & Flails
  6141 | D:6      | Reached skill level 1 in Armour
  6141 | D:6      | Reached skill level 1 in Evocations
  6188 | D:6      | Reached skill level 5 in Spellcasting
  6202 | D:6      | Reached skill level 5 in Conjurations
  6254 | D:6      | Reached ** piety under Vehumet
  6295 | D:6      | Offered knowledge of Searing Ray by Vehumet.
  7048 | D:7      | Found a sand-covered staircase.
  7059 | Ossuary  | Entered an ossuary
  7408 | Ossuary  | Lost mutation: Your body sometimes deteriorates upon taking
                  | damage. [potion of mutation]
  7408 | Ossuary  | Lost mutation: You have sharp toenails. [potion of
                  | mutation]
  7408 | Ossuary  | Gained mutation: Your body sometimes deteriorates upon
                  | taking damage. [potion of mutation]
  7408 | Ossuary  | Gained mutation: Your large and strong wings let you fly
                  | indefinitely. [potion of mutation]
  7482 | Ossuary  | Offered knowledge of Dazzling Flash by Vehumet.
  8122 | D:7      | Found a staircase to the Ecumenical Temple.
  8138 | Temple   | Entered the Ecumenical Temple
  8195 | D:7      | You fall into a shaft and drop 1 floor!
  8316 | D:8      | Reached *** piety under Vehumet
  8316 | D:8      | Reached XP level 9. HP: 49/49 MP: 15/17
  8358 | D:7      | Found a runed translucent door.
  8359 | D:7      | Noticed Crazy Yiuf
  8366 | D:7      | Killed Crazy Yiuf
  8508 | D:7      | Found a basalt altar of Yredelemnul.
  8516 | D:7      | Reached skill level 8 in Earth Magic
  8592 | D:7      | Found a sacrificial altar of Ru.
  8628 | D:7      | Noticed Duvessa
  8629 | D:7      | Noticed Dowan
  8682 | D:7      | Killed Duvessa
  8692 | D:7      | Killed Dowan
  8871 | D:7      | Noticed Prince Ribbit
  8877 | D:7      | Noticed Harold
  8902 | D:7      | Killed Prince Ribbit
  8915 | D:7      | Killed Harold
  9303 | D:7      | Offered knowledge of Sticky Flame by Vehumet.
  9303 | D:7      | Reached XP level 10. HP: 17/56 MP: 10/19
  9742 | D:8      | Noticed a two-headed ogre
  9747 | D:8      | Killed a two-headed ogre
 10222 | D:9      | Found a staircase to the Lair.
 10222 | D:9      | Found a burning altar of Makhleb.
 10222 | D:9      | Noticed a death yak
 10223 | D:9      | Noticed a death yak
 10223 | D:9      | Noticed a death yak
 10241 | D:9      | Killed a death yak
 10241 | D:9      | Reached skill level 9 in Earth Magic
 10243 | D:9      | Killed a death yak
 10243 | D:9      | Killed a death yak
 10243 | D:9      | Reached skill level 5 in Fighting
 10243 | D:9      | Reached skill level 5 in Armour
 10243 | D:9      | Reached XP level 11. HP: 5/64 MP: 10/21
 10243 | D:9      | Engulfed by a cloud of flame

Illustrated notes

Levels and vault maps discovered:
D:1:      nicolae_arrival_memento_mori, layout_rooms,
          chequers_serial_rivers_micro_c, st_stairs_11
D:2:      layout_basic, nicolae_overflow_hidden_temple, first_ration,
          kennysheep_generic_room_4
D:3:      layout_loops_ring, vehumet_crystals, overflow_temple_1_default,
          marbit_many_paths, zin_purify, hangedman_decor_push,
          doesnt_xom_only_xom, uniq_robin
D:4:      layout_gridville, old_standard_altar, chequers_serial_rivers_micro_d,
          uniq_blork_the_orc
D:5:      layout_loops_ring, overflow_temple_1_default,
          lemuel_coloured_pillars_altar, hangedman_decor_opposing
D:6:      layout_basic, old_standard_altar, basic_altar
D:7:      layout_basic, nicolae_ru_path_of_blood, old_standard_altar,
          minmay_temple_entry_tees, lightli_ossuary_entry_decrepit_ruins,
          the_bakery, uniq_prince_ribbit1, uniq_duvessa,
          uniq_crazy_yiuf_cottage, uniq_harold
D:8:      layout_rooms
D:9:      layout_small_grid, lemuel_crystal_altar, dpeg_lair_monsters
Temple:   eino_wide_crystal_templ

Skill      XL: |  1  2  3  4  5  6  7  8  9 10 |
---------------+-------------------------------+-----
Earth Magic    | 4 5 6 7 8 9 |  9.3
Conjurations   | 1 2 3 4 5 6 7 |  7.1
Spellcasting   | 3 4 5 6 |  6.7
Fighting       | 2 4 5 |  5.2
Maces & Flails | 2 3 4 |  4.7
Armour         | 2 4 5 |  5.1
Evocations     | 2 3 4 |  4.4
Dodging        | 2 3 4 |  4.3
Stealth        | |  2.1
Transmutations | |  0.7

Action                   |  1- 3 |  4- 6 |  7- 9 | 10-12 || total
-------------------------+-------+-------+-------+-------++-------
Melee: Whip              |    83 |     9 |       |       ||    92
       Quarterstaff      |       |    48 |       |       ||    48
       Dagger            |       |   154 |   277 |   109 ||   540
       Kick              |       |       |    37 |       ||    37
       Headbutt          |       |       |    29 |     8 ||    37
 Cast: Sandblast         |    15 |    26 |    33 |       ||    74
       Stone Arrow       |       |       |    21 |     5 ||    26
       Lee's Rapid Decon |       |       |     4 |     6 ||    10
Evoke: Wand              |       |       |     3 |       ||     3
  Use: Scroll            |       |     5 |    10 |     1 ||    16
       Potion            |       |     1 |     3 |     3 ||     7
 Stab: Sleeping          |     1 |     2 |     9 |       ||    12
  Eat: Chunk             |     2 |     4 |    13 |     4 ||    23
       Ration            |       |     1 |     2 |       ||     3
Armor: Robe              |    26 |    55 |    80 |    58 ||   219
Dodge: Dodged            |    58 |   116 |   158 |    90 ||   422

Table legend:
 A = Non-vault XP
 B = Vault XP
 C = Vault XP percentage of total XP
 D = Non-vault monster count
 E = Vault monster count
 F = Vault count percentage of total count
                 A         B        C        D         E       F
            +---------+---------+-------+---------+---------+-------
      Total |    4268 |    4974 |  53.8 |     146 |      61 |  29.5
            +---------+---------+-------+---------+---------+-------
        D:1 |      52 |       8 |  13.3 |      14 |       4 |  22.2
        D:2 |      70 |       0 |   0.0 |      13 |       0 |   0.0
        D:3 |     191 |      40 |  17.3 |      26 |      14 |  35.0
        D:4 |     195 |      87 |  30.9 |      13 |       1 |   7.1
        D:5 |     237 |       0 |   0.0 |      22 |       0 |   0.0
        D:6 |     893 |       0 |   0.0 |      17 |       0 |   0.0
        D:7 |     623 |    1743 |  73.7 |       9 |       6 |  40.0
        D:8 |    1974 |       0 |   0.0 |      31 |       0 |   0.0
        D:9 |      33 |    2875 |  98.9 |       1 |       6 |  85.7
    Ossuary |       0 |     221 | 100.0 |       0 |      30 | 100.0
            +---------+---------+-------+---------+---------+-------
